2246 views
Uploaded 2022-03-31 18:57:15
Game version 1.32.10
27:54 long 1on1on1on1 ladder game on (6)SilverpineForest
Saved by ǢƂŎ
2246 views
Uploaded 2022-03-31 18:57:15
Game version 1.32.10
27:54 long 1on1on1on1 ladder game on (6)SilverpineForest

31 units @ 5.4k
/ 1k
15 buildings @ 2.4k
/ 1k



| Potion of Mana | 1 | 200 |
| Orb of Corruption | 1 | 375 |
| Scroll of Healing | 1 | 250 |
| Scroll of Town Portal | 1 | 350 |
| Potion of Lesser Invulnerability | 1 | 150 |
| Khadgar's Pipe of Insight | 1 | 500 |
| total: | 6 | 1825g |
| Acolyte | 13 | 975 | / | 0 |
| Ghoul | 2 | 240 | / | 0 |
| Crypt Fiend | 7 | 1505 | / | 280 |
| Obsidian Statue | 4 | 800 | / | 140 |
| Frost Wyrm | 4 | 1540 | / | 480 |
| Goblin Shredder | 1 | 375 | / | 100 |
| total: | 31 | 5435g | / | 1000w |
| Nerubian Tower | 1 | 100 | / | 20 |
| Crypt | 1 | 200 | / | 50 |
| Graveyard | 1 | 215 | / | 0 |
| Altar of Darkness | 1 | 180 | / | 50 |
| Ziggurat | 7 | 1050 | / | 350 |
| Necropolis | 1 | 225 | / | 0 |
| Tomb of Relics | 1 | 130 | / | 30 |
| Slaughterhouse | 1 | 140 | / | 135 |
| Sacrificial Pit | 1 | 75 | / | 150 |
| Boneyard | 1 | 175 | / | 200 |
| Halls of the Dead | 1 | 320 | / | 210 |
| Black Citadel | 1 | 325 | / | 230 |
| total: | 15 | 2390g | / | 965w |
| 0:02 | Acolyte |
| 0:05 | Crypt |
| 0:14 | Graveyard |
| 0:19 | Acolyte |
| 0:41 | Altar of Darkness |
| 0:56 | Ziggurat |
| 1:10 | Ghoul |
| 1:15 | Acolyte |
| 1:33 | Ziggurat |
| 1:51 | Ghoul |
| 2:04 | Crypt Fiend |
| 2:28 | Crypt Fiend |
| 2:53 | Carrion Beetles |
| 3:07 | Halls of the Dead |
| 3:24 | Crypt Fiend |
| 3:42 | Crypt Fiend |
| 4:03 | Ziggurat |
| 4:23 | Impale |
| 4:43 | Necropolis |
| 5:32 | Burrow |
| 5:34 | Acolyte |
| 5:46 | Carrion Beetles |
| 5:49 | Acolyte |
| 6:01 | Acolyte |
| 6:15 | Acolyte |
| 6:15 | Acolyte |
| 6:29 | Tomb of Relics |
| 6:29 | Slaughterhouse |
| 6:36 | Death Coil |
| 6:46 | Black Citadel |
| 7:03 | Ziggurat |
| 7:29 | Goblin Shredder |
| 7:30 | Impale |
| 7:36 | Obsidian Statue |
| 7:45 | Ziggurat |
| 8:11 | Unholy Aura |
| 8:16 | Nerubian Tower |
| 8:17 | Ziggurat |
| 8:36 | Sacrificial Pit |
| 8:37 | Ziggurat |
| 8:49 | Potion of Mana |
| 9:12 | Boneyard |
| 9:15 | Destroyer Form |
| 9:42 | Crypt Fiend |
| 9:44 | Obsidian Statue |
| 9:52 | Creature Attack |
| 9:53 | Creature Carapace |
| 10:10 | Orb of Corruption |
| 10:16 | Crypt Fiend |
| 10:18 | Obsidian Statue |
| 10:25 | Potion of Lesser Invulnerability |
| 10:25 | Scroll of Healing |
| 10:38 | Frost Wyrm |
| 10:40 | Sleep |
| 10:53 | Khadgar's Pipe of Insight |
| 11:49 | Frost Wyrm |
| 13:14 | Acolyte |
| 13:14 | Acolyte |
| 13:14 | Acolyte |
| 13:14 | Acolyte |
| 13:14 | Acolyte |
| 13:35 | Frost Wyrm |
| 14:03 | Scroll of Town Portal |
| 14:06 | Obsidian Statue |
| 14:30 | Crypt Fiend |
| 14:56 | Frost Wyrm |
| 14:57 | Death Coil |
| Chat | 630 |
| Select group | 561 |
| Right click | 426 |
| Select | 283 |
| Misc. action | 131 |
| Build/train/purchase | 72 |
| Assign group | 49 |
| Use ability | 41 |
| Item give/drop | 5 |
74 units @ 11.9k
/ 1.8k
22 buildings @ 3.9k
/ 1.8k


| Scroll of Town Portal | 1 | 350 |
| Boots of Speed | 1 | 250 |
| Periapt of Vitality | 1 | 325 |
| total: | 3 | 925g |
| Wisp | 22 | 1320 | / | 0 |
| Archer | 14 | 1820 | / | 140 |
| Hippogryph | 9 | 1440 | / | 180 |
| Druid of the Talon | 11 | 1595 | / | 220 |
| Chimaera | 17 | 5610 | / | 1190 |
| Faerie Dragon | 1 | 155 | / | 25 |
| total: | 74 | 11940g | / | 1755w |
| Moon Well | 11 | 1980 | / | 440 |
| Ancient of War | 1 | 150 | / | 60 |
| Altar of Elders | 1 | 180 | / | 50 |
| Ancient of Wonders | 1 | 90 | / | 30 |
| Hunter's Hall | 2 | 420 | / | 200 |
| Tree of Life | 1 | 340 | / | 185 |
| Ancient of Wind | 2 | 300 | / | 280 |
| Ancient of Lore | 1 | 155 | / | 145 |
| Chimaera Roost | 2 | 280 | / | 380 |
| Tree of Ages | 1 | 320 | / | 180 |
| Tree of Eternity | 1 | 330 | / | 200 |
| total: | 22 | 3895g | / | 1770w |
| 0:03 | Wisp |
| 0:03 | Wisp |
| 0:20 | Moon Well |
| 0:24 | Wisp |
| 0:33 | Ancient of War |
| 0:35 | Wisp |
| 0:36 | Wisp |
| 0:52 | Wisp |
| 1:00 | Altar of Elders |
| 1:03 | Wisp |
| 1:30 | Moon Well |
| 1:32 | Wisp |
| 1:35 | Archer |
| 1:44 | Wisp |
| 1:46 | Archer |
| 1:54 | Ancient of Wonders |
| 2:11 | Wisp |
| 2:12 | Archer |
| 2:15 | Wisp |
| 2:34 | Moon Well |
| 2:46 | Archer |
| 3:19 | Force of Nature |
| 3:48 | Tree of Ages |
| 3:52 | Hunter's Hall |
| 4:38 | Archer |
| 4:39 | Archer |
| 4:51 | Entangling Roots |
| 5:34 | Archer |
| 5:35 | Archer |
| 5:37 | Strength of the Moon |
| 5:56 | Archer |
| 6:01 | Tree of Life |
| 6:36 | Moon Well |
| 7:07 | Boots of Speed |
| 7:08 | Periapt of Vitality |
| 7:13 | Force of Nature |
| 7:38 | Improved Strength of the Moon |
| 7:39 | Moon Well |
| 7:48 | Ancient of Wind |
| 7:50 | Improved Bows |
| 7:52 | Archer |
| 7:52 | Archer |
| 8:22 | Archer |
| 8:35 | Moon Well |
| 8:55 | Tree of Eternity |
| 8:58 | Wisp |
| 9:26 | Wisp |
| 9:26 | Wisp |
| 9:27 | Wisp |
| 9:28 | Wisp |
| 9:32 | Moon Well |
| 9:34 | Hippogryph |
| 9:37 | Hippogryph |
| 9:39 | Druid of the Talon |
| 9:40 | Druid of the Talon |
| 9:49 | Entangling Roots |
| 10:35 | Moon Armor |
| 11:24 | Druid of the Talon |
| 11:25 | Druid of the Talon |
| 11:25 | Druid of the Talon Adept Training |
| 11:28 | Chimaera Roost |
| 11:31 | Chimaera Roost |
| 11:34 | Moon Well |
| 11:35 | Wisp |
| 11:35 | Wisp |
| 11:35 | Wisp |
| 11:38 | Wisp |
| 11:38 | Wisp |
| 12:30 | Moon Well |
| 13:03 | Trueshot Aura |
| 13:05 | Chimaera |
| 13:05 | Chimaera |
| 13:07 | Corrosive Breath |
| 13:08 | Chimaera |
| 13:10 | Chimaera |
| 13:15 | Moon Well |
| 13:36 | Moon Well |
| 13:54 | Strength of the Wild |
| 14:22 | Hunter's Hall |
| 14:24 | Druid of the Talon Master Training |
| 15:27 | Scout |
| 15:42 | Chimaera |
| 15:43 | Chimaera |
| 15:48 | Druid of the Talon |
| 15:49 | Druid of the Talon |
| 15:49 | Faerie Dragon |
| 15:53 | Wisp |
| 16:13 | Hippogryph |
| 16:13 | Hippogryph |
| 16:17 | Archer |
| 16:17 | Archer |
| 16:39 | Hippogryph |
| 16:40 | Hippogryph |
| 16:56 | Ancient of Wind |
| 17:09 | Improved Strength of the Wild |
| 17:27 | Chimaera |
| 17:52 | Chimaera |
| 18:19 | Hippogryph |
| 19:01 | Chimaera |
| 19:05 | Hippogryph |
| 19:05 | Hippogryph |
| 19:26 | Mark of the Talon |
| 19:26 | Druid of the Talon |
| 19:26 | Druid of the Talon |
| 19:32 | Druid of the Talon |
| 20:04 | Advanced Strength of the Wild |
| 20:46 | Druid of the Talon |
| 20:46 | Druid of the Talon |
| 21:37 | Reinforced Hides |
| 21:54 | Advanced Strength of the Moon |
| 22:39 | Chimaera |
| 22:40 | Chimaera |
| 22:54 | Ancient of Lore |
| 23:08 | Entangling Roots |
| 23:57 | Chimaera |
| 23:57 | Chimaera |
| 24:07 | Scroll of Town Portal |
| 24:45 | Chimaera |
| 24:50 | Chimaera |
| 25:24 | Chimaera |
| 25:37 | Druid of the Claw Adept Training |
| 26:19 | Chimaera |
| 26:37 | Druid of the Claw Master Training |
| Right click | 757 |
| Select | 359 |
| Select group | 171 |
| Build/train/purchase | 113 |
| Misc. action | 70 |
| Use ability | 28 |
| Assign group | 26 |
| Remove unit | 4 |
| Item give/drop | 3 |
29 units @ 4.5k
/ 0.7k
18 buildings @ 2.9k
/ 1.2k


| Rod of Necromancy | 2 | 300 |
| total: | 2 | 300g |
| Acolyte | 7 | 525 | / | 0 |
| Ghoul | 4 | 480 | / | 0 |
| Crypt Fiend | 4 | 860 | / | 160 |
| Necromancer | 4 | 580 | / | 80 |
| Meat Wagon | 1 | 230 | / | 50 |
| Gargoyle | 5 | 875 | / | 150 |
| Obsidian Statue | 1 | 200 | / | 35 |
| Abomination | 3 | 720 | / | 210 |
| total: | 29 | 4470g | / | 685w |
| Nerubian Tower | 1 | 100 | / | 20 |
| Crypt | 1 | 200 | / | 50 |
| Graveyard | 1 | 215 | / | 0 |
| Ziggurat | 8 | 1200 | / | 400 |
| Altar of Darkness | 1 | 180 | / | 50 |
| Tomb of Relics | 1 | 130 | / | 30 |
| Necropolis | 2 | 450 | / | 0 |
| Temple of the Damned | 1 | 155 | / | 140 |
| Slaughterhouse | 1 | 140 | / | 135 |
| Sacrificial Pit | 1 | 75 | / | 150 |
| Boneyard | 1 | 175 | / | 200 |
| Halls of the Dead | 1 | 320 | / | 210 |
| Black Citadel | 1 | 325 | / | 230 |
| total: | 18 | 2920g | / | 1155w |
| 0:04 | Acolyte |
| 0:04 | Acolyte |
| 0:16 | Crypt |
| 0:30 | Graveyard |
| 0:44 | Ziggurat |
| 1:08 | Altar of Darkness |
| 1:18 | Ghoul |
| 1:55 | Crypt Fiend |
| 2:17 | Ziggurat |
| 2:35 | Tomb of Relics |
| 2:41 | Crypt Fiend |
| 2:59 | Crypt Fiend |
| 3:20 | Death Coil |
| 3:27 | Crypt Fiend |
| 3:50 | Nerubian Tower |
| 3:58 | Rod of Necromancy |
| 4:13 | Acolyte |
| 4:38 | Halls of the Dead |
| 5:15 | Ziggurat |
| 5:19 | Creature Attack |
| 5:54 | Ghoul |
| 6:11 | Ziggurat |
| 6:38 | Unholy Aura |
| 7:35 | Temple of the Damned |
| 8:02 | Rod of Necromancy |
| 8:25 | Slaughterhouse |
| 8:39 | Ziggurat |
| 8:47 | Necromancer |
| 8:48 | Necromancer |
| 8:58 | Howl of Terror |
| 9:27 | Death Coil |
| 9:38 | Meat Wagon |
| 9:42 | Necromancer |
| 9:43 | Necromancer |
| 9:47 | Gargoyle |
| 10:34 | Cleaving Attack |
| 10:55 | Obsidian Statue |
| 11:04 | Skeletal Mastery |
| 11:08 | Necromancer Adept Training |
| 11:13 | Improved Creature Attack |
| 11:15 | Gargoyle |
| 11:17 | Web |
| 12:42 | Sacrificial Pit |
| 13:31 | Exhume Corpses |
| 13:36 | Black Citadel |
| 14:01 | Ghoul |
| 14:30 | Necropolis |
| 14:43 | Gargoyle |
| 14:43 | Gargoyle |
| 15:02 | Ziggurat |
| 15:08 | Ziggurat |
| 15:45 | Necropolis |
| 16:15 | Abomination |
| 16:31 | Acolyte |
| 16:31 | Acolyte |
| 17:02 | Unholy Strength |
| 17:02 | Unholy Armor |
| 17:06 | Abomination |
| 17:18 | Boneyard |
| 17:24 | Ghoul |
| 17:35 | Ziggurat |
| 17:42 | Acolyte |
| 17:47 | Acolyte |
| 18:19 | Abomination |
| 18:20 | Disease Cloud |
| 18:29 | Gargoyle |
| Right click | 628 |
| Select group | 502 |
| Select | 199 |
| Build/train/purchase | 87 |
| Misc. action | 37 |
| Assign group | 24 |
| Use ability | 5 |
| Item give/drop | 3 |
45 units @ 5.6k
/ 0.7k
17 buildings @ 3.5k
/ 1.3k



| Healing Salve | 3 | 300 |
| Scroll of Speed | 3 | 150 |
| Lesser Clarity Potion | 3 | 210 |
| Orb of Lightning | 2 | 750 |
| Potion of Mana | 2 | 400 |
| Potion of Healing | 1 | 150 |
| Scroll of Town Portal | 3 | 1050 |
| Pendant of Mana | 1 | 600 |
| Legion Doom-Horn | 1 | 500 |
| Staff of Silence | 1 | 600 |
| Khadgar's Gem of Health | 1 | 600 |
| Medallion of Courage | 1 | 500 |
| Claws of Attack +12 | 1 | 500 |
| Potion of Greater Mana | 1 | 400 |
| Amulet of Spell Shield | 1 | 600 |
| Claws of Attack +9 | 1 | 300 |
| total: | 26 | 7610g |
| Peon | 19 | 1425 | / | 0 |
| Troll Headhunter | 10 | 1400 | / | 200 |
| Shaman | 4 | 520 | / | 80 |
| Troll Berserker | 6 | 840 | / | 120 |
| Troll Witch Doctor | 3 | 435 | / | 75 |
| Goblin Shredder | 2 | 750 | / | 200 |
| Goblin Zeppelin | 1 | 240 | / | 60 |
| total: | 45 | 5610g | / | 735w |
| Orc Burrow | 7 | 1120 | / | 280 |
| Altar of Storms | 1 | 180 | / | 50 |
| War Mill | 1 | 205 | / | 0 |
| Barracks | 2 | 360 | / | 100 |
| Voodoo Lounge | 1 | 130 | / | 30 |
| Great Hall | 3 | 1155 | / | 555 |
| Spirit Lodge | 2 | 300 | / | 300 |
| Stronghold | 1 | 315 | / | 190 |
| Fortress | 1 | 325 | / | 190 |
| total: | 17 | 3450g | / | 1315w |
| 0:03 | Peon |
| 0:03 | Peon |
| 0:03 | Peon |
| 0:19 | Orc Burrow |
| 0:34 | Altar of Storms |
| 0:43 | Peon |
| 0:48 | War Mill |
| 0:59 | Peon |
| 1:05 | Barracks |
| 1:12 | Peon |
| 1:12 | Peon |
| 1:22 | Peon |
| 1:41 | Orc Burrow |
| 1:47 | Peon |
| 2:06 | Troll Headhunter |
| 2:06 | Troll Headhunter |
| 2:19 | Voodoo Lounge |
| 2:26 | Troll Headhunter |
| 2:26 | Troll Headhunter |
| 2:32 | Mirror Image |
| 2:51 | Troll Headhunter |
| 3:11 | Stronghold |
| 3:24 | Troll Headhunter |
| 3:43 | Critical Strike |
| 4:00 | Great Hall |
| 4:16 | Troll Headhunter |
| 4:24 | Orc Burrow |
| 4:26 | Healing Salve |
| 4:35 | Troll Headhunter |
| 5:38 | Mirror Image |
| 5:46 | Fortress |
| 6:28 | Troll Regeneration |
| 6:30 | Spirit Lodge |
| 6:37 | Healing Salve |
| 6:37 | Scroll of Speed |
| 6:37 | Lesser Clarity Potion |
| 6:49 | Hex |
| 7:01 | Spirit Lodge |
| 7:12 | Orc Burrow |
| 7:40 | Troll Headhunter |
| 8:10 | Critical Strike |
| 8:18 | Troll Headhunter |
| 8:23 | Healing Wave |
| 8:23 | Healing Wave |
| 8:54 | Orb of Lightning |
| 8:55 | Potion of Mana |
| 8:56 | Scroll of Speed |
| 8:57 | Potion of Mana |
| 9:27 | War Stomp |
| 9:31 | Scroll of Town Portal |
| 9:47 | Goblin Shredder |
| 9:47 | Goblin Shredder |
| 9:57 | Pendant of Mana |
| 10:07 | Orc Burrow |
| 10:09 | Orc Burrow |
| 10:23 | Legion Doom-Horn |
| 10:23 | Staff of Silence |
| 10:55 | Berserker Upgrade |
| 11:07 | Shaman |
| 11:09 | Shaman Adept Training |
| 11:37 | Healing Wave |
| 11:54 | Troll Berserker |
| 12:29 | Troll Berserker |
| 12:38 | Scroll of Town Portal |
| 12:38 | Orb of Lightning |
| 13:16 | Potion of Healing |
| 13:17 | Scroll of Speed |
| 13:39 | Shaman Master Training |
| 13:40 | Shaman |
| 13:41 | Troll Berserker |
| 13:42 | Barracks |
| 13:45 | Healing Salve |
| 13:46 | Lesser Clarity Potion |
| 13:50 | Peon |
| 13:50 | Peon |
| 13:50 | Peon |
| 13:50 | Peon |
| 13:52 | Peon |
| 14:10 | Scroll of Town Portal |
| 14:14 | Lesser Clarity Potion |
| 14:19 | Endurance Aura |
| 14:49 | Troll Berserker |
| 14:53 | Shaman |
| 15:34 | Khadgar's Gem of Health |
| 16:21 | Medallion of Courage |
| 16:45 | Claws of Attack +12 |
| 16:52 | Critical Strike |
| 17:01 | Orc Burrow |
| 17:06 | Steel Ranged Weapons |
| 17:32 | Witch Doctor Adept Training |
| 17:33 | Troll Witch Doctor |
| 17:53 | Great Hall |
| 18:08 | Hex |
| 18:25 | War Stomp |
| 18:42 | Steel Armor |
| 18:42 | Thorium Ranged Weapons |
| 19:07 | Great Hall |
| 19:13 | Witch Doctor Master Training |
| 20:13 | Troll Witch Doctor |
| 20:14 | Shaman |
| 20:16 | Troll Berserker |
| 20:57 | Troll Berserker |
| 20:58 | Thorium Armor |
| 21:14 | Peon |
| 21:14 | Peon |
| 21:14 | Peon |
| 21:14 | Peon |
| 21:43 | Arcanite Ranged Weapons |
| 21:55 | Endurance Aura |
| 21:56 | Endurance Aura |
| 22:51 | Troll Witch Doctor |
| 23:00 | Healing Wave |
| 23:00 | Healing Wave |
| 23:16 | Potion of Greater Mana |
| 23:17 | Amulet of Spell Shield |
| 23:20 | Claws of Attack +9 |
| 23:47 | Arcanite Armor |
| 23:48 | Reinforced Defenses |
| 24:09 | Peon |
| 25:09 | Goblin Zeppelin |
| 27:22 | War Stomp |
| 27:34 | Bladestorm |
| 27:42 | Big Bad Voodoo |
| Right click | 1419 |
| Select group | 1211 |
| Chat | 1088 |
| Select | 715 |
| Misc. action | 343 |
| Build/train/purchase | 204 |
| Use ability | 84 |
| Assign group | 75 |
| Item give/drop | 12 |
| Esc | 1 |
⇛